cohdb
Replays
Latest Replays
All Replays
Popular Replays
Top Player Replays
Match Explorer
How It Works
Community
CoH3 Stats
Reddit
Sign in to upload your games and track your stats! →
Sign in with Steam
Match 41061647
Unlisted
Match 41061647
Overview
Messages
Build Orders
End
Panzergrenadier Squad
Panzergrenadier Squad
Panzergrenadier Squad
Construct Light Support Kompanie
Fire Support Elements
Selects Battlefield Espionage Battlegroup
Selects Intel Disruption Beacon
MG34 Team
Panzerjäger Mechanized Group
Flakvierling Half-track
2.5-tonne Medical Truck
Selects 250/3 Funkpanzerwagen
Selects Anti-Tank Incendiary Munitions
カルト_くん
小非国
Brucaccio
求你了别站起来蹬她
Traders
m asad asif
Zombotany
AzerTea
0
0
Comments
sign in to comment!
No comments posted yet!